 Dungeon Crawl Stone Soup version 0.28-a0-773-g130ae17fe5 (webtiles) character file.

Game seed: 18013582763425388281

7 flotson the Sneak (level 1, -2/28 HPs)
             Began as a Palentonga Delver on Nov 1, 2021.
             Slain by a water moccasin (6 damage)
             ... in a sewer.
             The game lasted 00:00:51 (165 turns).

flotson the Sneak (Palentonga Delver)                Turns: 165, Time: 00:00:52

Health: -2/28      AC:  4    Str: 15    XL:     1   Next: 83%
Magic:  1/1        EV:  9    Int: 10    God:
Gold:   0          SH:  0    Dex: 11    Spells: 0/0 levels left

rFire   . . .      SeeInvis +   a - +0 hand axe
rCold   . . .      Faith    .   (no shield)
rNeg    . . .      Spirit   .   b - +0 leather armour
rPois   .          Reflect  .   (no helmet)
rElec   .          Harm     .   (no cloak)
rCorr   .          Rampage  .   (no gloves)
Will    .....                   (no barding)
Stlth   ..........              (no amulet)
HPRegen 0.09/turn               (no ring)
MPRegen 0.07/turn               (no ring)

@: berserking, lethally poisoned (-2 -> -24), hasted, very quick
A: large, rugged brown scales 3, see invisible, deformed body, roll 1, armoured
tail
a: Rolling Charge


You were in a sewer.
You visited 1 branch of the dungeon, and saw 1 of its levels.
You also visited: Sewer.

Inventory:

Hand Weapons
 a - a +0 hand axe (weapon)
Armour
 b - a +0 leather armour (worn)
Wands
 g - a wand of digging (3)
Scrolls
 c - a scroll of fog
 d - a scroll of magic mapping
 e - a scroll of fear


   Skills:
 + Level 3.1 Fighting
 + Level 2.1 Axes
 + Level 0.3 Armour
 + Level 1.7 Dodging
 - Level 3.3 Stealth


You couldn't memorise any spells.
You didn't know any spells.
Your spell library was empty.

Dungeon Overview and Level Annotations

Branches:
Dungeon (5/15)              Sewer (1/1)
 Temple: D:4-7

Altars:


Innate Abilities, Weirdness & Mutations

You are completely covered in rugged brown scales. (AC +3, +7% HP)
You have supernaturally acute eyesight. (SInv)
Armour fits poorly on your strangely shaped body.
You can roll at nearby foes to attack.
You have a long armoured tail.


Message History

Unknown command.
You feel yourself speed up.
Roll where?
Press: ? - help, Dir - move target, f - water moccasin
Aim: a water moccasin You roll forward with a clatter of scales!
Found a scroll labelled YHICIA TONT and 38 gold pieces.
You closely miss the water moccasin. You tail-slap the water moccasin!
The water moccasin is moderately wounded.
The water moccasin bites you.
Found a gate leading back out of this place.
Okay, then.
Found a potion of berserk rage.
There is a gate leading back out of this place here.
You see here a potion of berserk rage.
A red film seems to cover your vision as you go berserk!
You feel yourself moving faster!
You feel mighty!
You slash the water moccasin!
The water moccasin is heavily wounded.
The water moccasin bites you.
You hit the water moccasin but do no damage.
The water moccasin is heavily wounded.
The water moccasin barely misses you.
You hit the water moccasin.
Your tail-slap misses the water moccasin.
The water moccasin is severely wounded.
The water moccasin bites you!
You closely miss the water moccasin.
The water moccasin is severely wounded.
The water moccasin bites you.
You are poisoned.
The water moccasin poisons you! The water moccasin bites you.
You are more poisoned.
The water moccasin poisons you!
You slash the water moccasin!
The water moccasin is almost dead.
* * * LOW HITPOINT WARNING * * *
You feel very sick. The water moccasin bites you.
You die...

### #@#
#S# #∩#
#.# #.#
#.# #.#
#######
#.#
##.....##
#.#
##...≈...#


You could see a water moccasin.

Vanquished Creatures
  6 bats
6 creatures vanquished.

Notes
Turn   | Place    | Note
-------+----------+-------------------------------------------
     0 | D:5      | flotson the Palentonga Delver began the quest for the Orb.
     0 | D:5      | Reached XP level 1. HP: 19/19 MP: 1/1
     0 | D:5      | Found a glowing drain.
    50 | Sewer    | Entered a sewer
   143 | Sewer    | Noticed a water moccasin
   165 | Sewer    | Slain by a water moccasin

Illustrated notes

Levels and vault maps discovered:
D:5:      layout_basic, mainiacjoe_overflow_brackets,
          mainiacjoe_overflow_tiny_flanked, hangedman_ru_absence,
          cheibrodos_sewer_entry_sluice, due_unseen_surprise, uniq_edmund
Sewer:    sewer_big_baddie

Action                   || total
-------------------------++-------
Melee: Hand axe          ||    28
       Tailslap          ||     2
 Abil: Rolling Charge    ||     1
  Use: Potion            ||     2
Armor: Leather armour    ||    32
Dodge: Dodged            ||    29

Table legend: (Time is in decaauts)
 A = Elapsed time spent in this place.
 B = Non-inter-level travel time spent in this place.
 C = Inter-level travel time spent in this place.
 D = Time resting spent in this place.
 E = Time spent auto-exploring this place.
 F = Levels seen in this place.
 G = Mean time per level.
                   A        B        C        D        E       F      G
               +--------+--------+--------+--------+--------+-----+--------+
         Total |    163 |    163 |      0 |     33 |     69 |   2 |   81.5 |
       Dungeon |     51 |     51 |      0 |     33 |      1 |   1 |   51.0 |
         Sewer |    111 |    111 |      0 |      0 |     68 |   1 |  111.0 |
               +--------+--------+--------+--------+--------+-----+--------+

Top non-repeatable levels by time:
   Sewer: 111 daAuts
     D:5: 51 daAuts
